 Dungeon Crawl Stone Soup version 0.22-a0-480-g991dd4b (webtiles) character file.

1421 Judge the Conjurer (level 9, 0/57 HPs)
             Began as a Human Conjurer on June 16, 2018.
             Was an Initiate of Vehumet.
             Slain by an orc warrior
             ... wielding a +0 flail
              (26 damage)
             ... on level 6 of the Dungeon.
             The game lasted 01:07:26 (8931 turns).

Judge the Conjurer (Human Conjurer)                 Turns: 8931, Time: 01:07:27

Health: 0/57       AC:  5    Str: 15    XL:     9   Next: 2%
Magic:  1/13       EV: 16    Int: 18    God:    Vehumet [......]
Gold:   152        SH:  0    Dex: 18    Spells: 7/13 levels left

rFire    . . .     SeeInvis .   e - +3 dagger
rCold    . . .     Gourm    .   (no shield)
rNeg     . . .     Faith    .   a - +1 robe
rPois    .         Spirit   .   x - +2 hat {MR+}
rElec    .         Reflect  .   (no cloak)
rCorr    .         Harm     .   (no gloves)
MR       +....                  (no boots)
Stlth    +++.......             (no amulet)
HPRegen  0.19/turn              d - +4 ring of dexterity
MPRegen  0.13/turn              s - +6 ring of strength

@: no status effects
A: no striking features
a: Renounce Religion


You were on level 6 of the Dungeon.
You worshipped Vehumet.
Vehumet was noncommittal.
You were very hungry.

You visited 1 branch of the dungeon, and saw 6 of its levels.

You collected 271 gold pieces.
You spent 119 gold pieces at shops.

Inventory:

Hand Weapons
 e - a +3 dagger (weapon)
Missiles
 b - 170 stones (quivered)
Armour
 a - a +1 robe (worn)
 v - a +1 robe
 x - a +2 hat of magic resistance (worn)
Jewellery
 d - a +4 ring of dexterity (left hand)
 s - a +6 ring of strength (right hand)
Wands
 l - a wand of flame (13)
 t - a wand of iceblast (25)
 y - a wand of random effects (28)
Scrolls
 c - a scroll of fog
 h - a scroll of magic mapping
 k - a scroll of identify
 o - 2 scrolls of enchant armour
 u - a scroll of fear
 z - a scroll of noise {unknown}
 A - a scroll of remove curse
Potions
 f - a potion of ambrosia {unknown}
 g - 4 potions of lignification {unknown}
 i - a potion of agility {unknown}
 m - 2 potions of haste {unknown}
 p - 2 potions of curing {unknown}
 r - 3 potions of brilliance {unknown}
 w - a potion of flight {unknown}
Comestibles
 j - a ration


   Skills:
 + Level 5.8 Dodging
 + Level 6.3 Stealth
 + Level 2.8 Spellcasting
 * Level 7.3 Conjurations
 + Level 2.0 Hexes


You had 7 spell levels left.
You knew the following spells:

 Your Spells              Type           Power        Failure   Level  Hunger
a - Magic Dart            Conj           ####         1%          1    None
b - Searing Ray           Conj           ####..       1%          2    ##.....
c - Dazzling Spray        Conj/Hex       ###...       8%          3    ###....

Your spell library contained the following spells:

 Spells                   Type           Power        Failure   Level  Hunger
 Iskenderun's Mystic Bla  Conj           ####....     9%          4    ####...
 Fulminant Prism          Conj/Hex       ###.......   24%         4    ####...
 Force Lance              Conj/Tloc      ###.....     36%         4    ####...


Dungeon Overview and Level Annotations

Branches:
Dungeon (6/15)             Temple (0/1) D:4

Altars:
Ashenzari
Vehumet
Wu Jian

Shops:
D:4 [   D:6 [


Message History

The searing ray hits the orc warrior.
The orc warrior is heavily wounded.
The searing ray hits the orc warrior.
The orc warrior is severely wounded.
The orc warrior hits you with a flail!
The searing ray misses the orc warrior.
You finish channeling your searing ray.
Casting: Searing Ray (safe; 1% risk of failure)
Confirm with . or Enter, or press ? or * to list all spells.
Aiming: Searing Ray (safe; 1% risk of failure)
Press: ? - help, Shift-Dir - straight line, f/p - orc warrior
Aim: an orc warrior, wielding a flail and wearing a plate armour (severely wounded)
The searing ray hits the orc warrior.
The orc warrior is severely wounded. (Press . to maintain the ray.)
You are feeling very hungry.
The orc warrior hits you with a flail!!
The searing ray hits the orc warrior.
The orc warrior is almost dead.
The orc warrior hits you with a flail!!
You die...

####...# #.#......##.#..........#
......####.#########.#.#####....#
###<.....#...........#...#...##.#
...##............#######.#<.....#
...###...........# #.##)#####
...# #...........# #####....# #
...###...........###.......######
..........)........'.......'..>..
######..##)#####@###.......######
##.##)# #o# #########
#######.##.# ###)######
.........#.# #..[.....#
.........#.# #........#
........)..# #........#
........#..# #........#
....)...#..# #....)...#
.....>..#..# #........###########


You could see an orc warrior.

Vanquished Creatures
  Sigmund (D:4)
  Menkaure (D:5)
  An ice beast (D:2)
  2 orc warriors (D:6)
  The ghost of KillYourself the Shield-Bearer, an amateur MiFi (D:3)
  2 ogres (D:4)
  Blork the orc (D:5)
  A hound (D:5)
  A bullfrog skeleton (D:4)
  3 orc priests
  2 orc wizards
  Jessica (D:2)
  Ijyb (D:5)
  An iguana (D:5)
  3 worker ants
  6 adders
  A shadow imp (D:5)
  An adder skeleton (D:6)
  A worm (D:2)
  2 dart slugs (D:1)
  5 leopard geckos
  21 orcs
  8 bats
  6 giant cockroaches
  9 goblins
  6 hobgoblins
  4 jackals (D:1)
  10 kobolds
  5 quokkas
  2 ball pythons
  6 frilled lizards
  2 giant cockroach zombies
  2 leopard gecko skeletons (D:5)
  A quokka zombie (D:5)
  8 rats
128 creatures vanquished.

Notes
Turn   | Place    | Note
-------+----------+-------------------------------------------
     0 | D:1      | Judge the Human Conjurer began the quest for the Orb.
     0 | D:1      | Reached XP level 1. HP: 13/13 MP: 3/3
   258 | D:1      | Reached XP level 2. HP: 9/19 MP: 0/5
   773 | D:1      | Learned a level 2 spell: Searing Ray
   897 | D:1      | Reached XP level 3. HP: 24/24 MP: 3/6
  1762 | D:2      | Reached XP level 4. HP: 29/30 MP: 1/7
  2168 | D:2      | Found a shattered altar of Ashenzari.
  2326 | D:2      | Noticed an ice beast
  2483 | D:2      | Killed an ice beast
  2483 | D:2      | Reached XP level 5. HP: 11/35 MP: 1/8
  2700 | D:2      | Learned a level 3 spell: Dazzling Spray
  2974 | D:2      | Found a radiant altar of Vehumet.
  2974 | D:2      | Found an ornate altar of the Wu Jian Council.
  2974 | D:2      | Noticed Jessica
  3036 | D:3      | Noticed KillYourself's ghost (amateur MiFi)
  3167 | D:3      | You fall through a shaft for 2 floors!
  3167 | D:5      | Entered Level 5 of the Dungeon
  3197 | D:4      | Noticed Sigmund
  3233 | D:4      | Found Bedirghong's Antique Armour Shop.
  3245 | D:4      | Reached skill level 5 in Conjurations
  3245 | D:4      | Reached XP level 6. HP: 28/41 MP: 1/9
  3567 | D:4      | Noticed an ogre
  4016 | D:5      | Noticed Menkaure
  4070 | D:5      | Killed Menkaure
  4070 | D:5      | Reached XP level 7. HP: 46/46 MP: 2/10
  4398 | D:5      | Noticed Blork the orc
  4544 | D:5      | Noticed a vampire
  4901 | D:5      | Reached skill level 5 in Stealth
  5445 | D:5      | Killed Blork the orc
  5445 | D:5      | Reached skill level 6 in Conjurations
  5529 | D:4      | Reached skill level 5 in Dodging
  6107 | D:3      | Killed KillYourself's ghost
  6107 | D:3      | Reached XP level 8. HP: 42/52 MP: 1/11
  6844 | D:2      | Killed Jessica
  6883 | D:2      | Became a worshipper of Vehumet
  7174 | D:4      | Killed Sigmund
  7244 | D:4      | Found a staircase to the Ecumenical Temple.
  7454 | D:4      | Reached skill level 1 in Hexes
  7557 | D:4      | Bought a glowing hat for 119 gold pieces
  7729 | D:4      | Noticed Ijyb
  7763 | D:5      | Killed Ijyb
  7892 | D:6      | Found Nudoaq's Armour Shoppe.
  7982 | D:6      | Reached skill level 7 in Conjurations
  8479 | D:6      | Reached XP level 9. HP: 35/57 MP: 2/13
  8931 | D:6      | Slain by an orc warrior

Vault maps used:
D:1:      dpeg_arrival_snail, minmay_stone_trees_small
D:2:      ashenzari_altar_1, amethyst_overflow_temple_binary,
          hangedman_decor_growths, uniq_jessica
D:3:      first_ration
D:4:      minmay_temple_entry_statues_pillars, serial_shops, shop, uniq_ijyb,
          uniq_sigmund
D:5:      lightli_corner_chamber, uniq_menkaure, uniq_blork_the_orc
D:6:      serial_shops, shop

Skill      XL: |  1  2  3  4  5  6  7  8 |
---------------+-------------------------+-----
Stealth        | 3 4 5 6 |  6.3
Dodging        | 3 4 5 |  5.8
Conjurations   | 5 6 7 |  7.3
Hexes          | 2 |  2.0
Spellcasting   | |  2.8

Action                   |  1- 3 |  4- 6 |  7- 9 || total
-------------------------+-------+-------+-------++-------
Melee: Unarmed           |     2 |       |       ||     2
       Dagger            |     2 |    19 |    23 ||    44
Throw: Stone             |       |       |     2 ||     2
 Cast: Magic Dart        |    65 |    41 |   100 ||   206
       Searing Ray       |     4 |    18 |    33 ||    55
       Dazzling Spray    |       |     6 |    12 ||    18
Evoke: Wand              |       |     1 |    13 ||    14
  Use: Scroll            |     2 |     2 |    14 ||    18
  Eat: Ration            |     1 |     3 |     4 ||     8
       Chunk             |       |     2 |     3 ||     5
Armor: Robe              |     5 |     4 |     6 ||    15
Dodge: Dodged            |     8 |    36 |    53 ||    97

Table legend:
 A = Spawn XP
 B = Non-spawn XP
 C = Spawn XP percentage of total XP
 D = Spawn monster count
 E = Non-spawn monster count
 F = Spawn count percentage of total count
 G = Total turns spent on level
                    A         B        C        D         E        F      G
               +---------+---------+-------+---------+---------+-------+---------
         Total |       0 |    2030 |   0.0 |       0 |     128 |   0.0 |  8931
               +---------+---------+-------+---------+---------+-------+---------
           D:1 |       0 |      61 |   0.0 |       0 |      34 |   0.0 |  1813
           D:2 |       0 |     212 |   0.0 |       0 |      18 |   0.0 |  1370
           D:3 |       0 |     186 |   0.0 |       0 |      21 |   0.0 |  1142
           D:4 |       0 |     629 |   0.0 |       0 |      14 |   0.0 |  1245
           D:5 |       0 |     564 |   0.0 |       0 |      24 |   0.0 |  2134
           D:6 |       0 |     378 |   0.0 |       0 |      17 |   0.0 |  1227
               +---------+---------+-------+---------+---------+-------+---------
